 Dungeon Crawl Stone Soup version 0.21.1-1-g345015fe64 (webtiles) character file.

666 Peloso the Slasher (level 7, -5/54 HPs)
             Began as a Demonspawn Fighter on Apr 14, 2018.
             Was an Initiate of Okawaru.
             Slain by an ice beast (10 damage)
             ... on level 5 of the Dungeon.
             The game lasted 00:08:19 (4135 turns).

Peloso the Slasher (Demonspawn Fighter)             Turns: 4135, Time: 00:08:20

Health: -5/54      AC: 19    Str: 18    XL:     7   Next: 31%
Magic:  7/7        EV:  5    Int:  9    God:    Okawaru [......]
Gold:   201        SH: 13    Dex: 13    Spells: 6/6 levels left

rFire    + . .     SeeInvis .   a - +1 falchion (protect)
rCold    x . .     Gourm    .   c - +0 shield
rNeg     + . .     Faith    .   u - +0 chain mail (curse)
rPois    .         Spirit   .   (helmet restricted)
rElec    .         Reflect  +   (no cloak)
rCorr    .         Harm     .   (no gloves)
MR       .....                  l - +0 pair of boots
Stlth    ..........             v - +4 amulet of reflection
HPRegen  0.18/turn              g - ring of fire
MPRegen  0.10/turn              t - ring of positive energy

@: protection aura
A: antennae 1, slimy green scales 1, rot immunity
a: Renounce Religion


You were on level 5 of the Dungeon.
You worshipped Okawaru.
Okawaru was noncommittal.
You were not hungry.

You visited 2 branches of the dungeon, and saw 6 of its levels.

You collected 201 gold pieces.

Inventory:

Hand Weapons
 a - a +1 falchion of protection (weapon)
Armour
 c - a +0 shield (worn)
 l - a +0 pair of boots (worn)
 u - a cursed +0 chain mail (worn)
Jewellery
 g - a ring of fire (left hand)
 t - a ring of positive energy (right hand)
 v - a +4 amulet of reflection (around neck)
Wands
 q - a wand of paralysis (14)
 x - a wand of disintegration (9)
Scrolls
 e - a scroll of enchant weapon {unknown}
 h - 10 scrolls of identify {unknown}
 n - a scroll of magic mapping {unknown}
 o - a scroll of blinking {unknown}
 p - 3 scrolls of remove curse {unknown}
 s - 4 scrolls of teleportation {unknown}
 w - a scroll of amnesia {unknown}
Potions
 j - 2 potions of curing
 k - a potion of heal wounds
 m - a potion of lignification
 r - 2 potions of brilliance
Comestibles
 f - 2 rations


   Skills:
 + Level 4.0 Fighting
 + Level 4.8 Long Blades
 + Level 4.1 Armour
 + Level 1.6 Dodging
 + Level 4.4 Shields


You had 6 spell levels left.
You didn't know any spells.

Dungeon Overview and Level Annotations

Branches:
Dungeon (5/15)             Temple (1/1) D:4

Altars:
Fedhas
Gozag
Hepliaklqana
Makhleb
Okawaru
Uskayaw
Vehumet
Yredelemnul
Zin


Innate Abilities, Weirdness & Mutations

You have a pair of small antennae on your head.
You are partially covered in slimy green scales. (AC +2)
You are immune to rotting.


Message History

The ice beast hits you but does no damage.
You hit the ice beast.
Your weapon exudes an aura of protection.
The ice beast is moderately wounded.
You block the ice beast's attack.
You hit the ice beast.
The ice beast is heavily wounded.
You block the ice beast's attack.
You completely miss the ice beast.
The ice beast is heavily wounded.
The ice beast hits you but does no damage.
You hit the ice beast.
The ice beast is severely wounded.
The ice beast hits you but does no damage. x2
You hit the ice beast.
The ice beast is almost dead.
The ice beast hits you.
* * * LOW HITPOINT WARNING * * *
The ice beast freezes you!
You feel a terrible chill!
You die...

#.#
#.#
#.#
#.#
#.# #
#.#
#.
#Y#
#.#@#
#..<#
###.#
..#
####


You could see an ice beast.

Vanquished Creatures
  The ghost of Xenomina the Gusty, an amateur DgAE (D:4)
  A scorpion (D:4)
  A howler monkey (D:4)
  2 orc priests (D:3)
  2 orc wizards
  5 hounds (D:4)
  A worker ant (D:4)
  7 adders
  4 worms
  A dart slug (D:1)
  8 leopard geckos
  11 orcs
  2 giant cockroaches
  6 goblins
  7 hobgoblins
  2 quokkas
  5 bats
  A frilled lizard (D:1)
  9 kobolds
  A quokka skeleton (D:4)
  6 rats
83 creatures vanquished.

Vanquished Creatures (others)
  An orc (D:4)
  A kobold (D:3)
2 creatures vanquished.

Grand Total: 85 creatures vanquished

Notes
Turn   | Place    | Note
-------+----------+-------------------------------------------
     0 | D:1      | Peloso the Demonspawn Fighter began the quest for the Orb.
     0 | D:1      | Reached XP level 1. HP: 18/18 MP: 1/1
    89 | D:1      | Gained mutation: You are partially covered in slimy green scales. (AC +2) [demonic ancestry]
    89 | D:1      | Reached XP level 2. HP: 10/24 MP: 2/2
   654 | D:2      | Reached XP level 3. HP: 12/29 MP: 3/3
  1322 | D:2      | Reached XP level 4. HP: 22/35 MP: 4/4
  1840 | D:3      | Gained mutation: You are immune to rotting. [demonic ancestry]
  1840 | D:3      | Reached XP level 5. HP: 17/41 MP: 5/5
  2493 | D:3      | Found a hide-covered altar of Uskayaw.
  3132 | D:4      | Reached XP level 6. HP: 23/48 MP: 6/6
  3322 | D:4      | Found a hazy altar of Hepliaklqana.
  3337 | D:4      | Found a radiant altar of Vehumet.
  3401 | D:4      | Found a basalt altar of Yredelemnul.
  3401 | D:4      | Found an opulent altar of Gozag.
  3431 | D:4      | Noticed Xenomina's ghost (amateur DgAE)
  3442 | D:4      | Reached skill level 1 in Dodging
  3453 | D:4      | Killed Xenomina's ghost
  3453 | D:4      | Gained mutation: You have a pair of small antennae on your head. [demonic ancestry]
  3453 | D:4      | Reached XP level 7. HP: 32/54 MP: 7/7
  3570 | D:4      | Found a staircase to the Ecumenical Temple.
  3585 | Temple   | Entered the Ecumenical Temple
  3636 | Temple   | Became a worshipper of Warmaster Okawaru
  3728 | D:4      | Found a glowing silver altar of Zin.
  3913 | D:4      | Found a burning altar of Makhleb.
  4110 | D:5      | Entered Level 5 of the Dungeon
  4135 | D:5      | Slain by an ice beast

Skill      XL: |  1  2  3  4  5  6  7 |
---------------+----------------------+-----
Shields        | 3 4 |  4.4
Armour         | 3 4 |  4.1
Long Blades    | 2 3 4 |  4.8
Dodging        | 1 |  1.6
Fighting       | 4 |  4.0

Action                   |  1- 3 |  4- 6 |  7- 9 || total
-------------------------+-------+-------+-------++-------
Melee: Long sword        |   129 |   180 |    73 ||   382
       Falchion          |       |       |    24 ||    24
  Use: Potion            |       |     2 |     4 ||     6
  Eat: Chunk             |     2 |     4 |     2 ||     8
       Ration            |       |     1 |       ||     1
Armor: Scale mail        |    90 |    47 |       ||   137
       Chain mail        |       |    33 |    47 ||    80
       Skin              |       |       |     1 ||     1
Dodge: Dodged            |    40 |    36 |    11 ||    87
Block: Shield            |    85 |   123 |    54 ||   262
       Reflection        |       |     5 |       ||     5
       Rpst.: Long sword |    16 |     8 |     5 ||    29
